 Dungeon Crawl Stone Soup version 0.18-b1-10-g3f7de93 (webtiles) character file.

126 LORDOFBUTT the Ducker (level 4, -1/34 HPs)
             Began as a Demonspawn Gladiator on Apr 30, 2016.
             Was an Initiate of Ashenzari.
             Slain by Amaryllis's ghost (12 damage)
             ... on level 3 of the Dungeon.
             The game lasted 00:02:36 (2640 turns).

LORDOFBUTT the Ducker (Demonspawn Gladiator)        Turns: 2640, Time: 00:02:38

Health: -1/34      AC: 11    Str: 16    XL:     4   Next: 83%
Magic:  4/4        EV:  6    Int:  9    God:    Ashenzari [......]
Gold:   138        SH:  0    Dex: 16    Spells: 0 memorised, 3 levels left

rFire  + . .     SeeInvis .     a - +0 war axe
rCold  . . .     Gourm    .     r - +0 scale mail
rNeg   . . .     Faith    .     (no shield)
rPois  .         Spirit   .     c - +0 helmet
rElec  .         Dismiss  .     i - +0 cloak
rCorr  .         Reflect  .     q - +0 pair of gloves
SustAt .         Harm     .     (no boots)
MR     .....                    (no amulet)
Stlth  ..........               (no ring)
                                l - +2 ring of dexterity

@: not resistant to hostile enchantments, extremely unstealthy
A: thin metallic scales 1, fire resistance 1
a: Curse Item, Renounce Religion


You were on level 3 of the Dungeon.
You worshipped Ashenzari.
Ashenzari was noncommittal.
You were not hungry.

You visited 1 branch of the dungeon, and saw 3 of its levels.

You collected 138 gold pieces.

Inventory:

Hand Weapons
 a - a +0 war axe (weapon)
Missiles
 d - 3 throwing nets (quivered)
Armour
 c - a +0 helmet (worn)
 i - a +0 cloak (worn)
 q - a +0 pair of gloves (worn)
 r - a +0 scale mail (worn)
Jewellery
 l - a +2 ring of dexterity (left hand)
Scrolls
 e - 3 scrolls of identify {unknown}
 k - a scroll of noise {unknown}
 n - 2 scrolls of remove curse
 p - a scroll of fear {unknown}
 t - a scroll of teleportation {unknown}
Potions
 g - 2 potions of curing {unknown}
 j - a potion of heal wounds {unknown}
 m - 3 potions of agility {unknown}
 o - a potion of mutation {unknown}
 s - a potion of berserk rage {unknown}
Comestibles
 b - a beef jerky
 f - 2 bread rations
 h - 3 fruits


   Skills:
 * Level 2.5 Fighting
 * Level 3.2 Axes
 + Level 1.8 Throwing
 * Level 2.2 Armour
 * Level 3.6 Dodging


You had 3 spell levels left.
You didn't know any spells.

Dungeon Overview and Level Annotations

Branches:
Dungeon (3/15)

Altars:
Ashenzari
Ru

Portals:
Sewer: D:3

Annotations:
D:3 Amaryllis's ghost, amateur HEFi


Innate Abilities, Weirdness & Mutations

You are partially covered in thin metallic scales (AC +2).
Your flesh is heat resistant.


Message History

You feel sick.
A dart slug comes into view.
There is an open door, spattered with blood here.
Things that are here:
a giant cockroach corpse; an adder corpse You enter the shallow water.
Moving in this stuff is going to be slow.
There's a creature in the doorway!
Your unstable footing causes you to fumble your attack.
You feel sick. Amaryllis's ghost barely misses you.
Your unstable footing causes you to fumble your attack.
Amaryllis's ghost hits you but does no damage.
Your unstable footing causes you to fumble your attack.
Amaryllis's ghost hits you.
Amaryllis's ghost hits you but does no damage.
You feel sick.
You are no longer poisoned.
There is a glowing drain here.
Amaryllis's ghost hits you!
You die...

#.#...#.......( ######
#.......####(♣. #......#
####.#### #..(
#.#..#.#####...# #...
..........#...# #...
#.#..#####.#...# #.♣†
#.#..#≈≈≈#.#...# ###..
##....#≈≈≈#.#...#####....
......#≈@≈#.....##.......
.#...#≈W≈#.....##.##.#..
#....#≈≈≈#.............#
##...##†##..............
#.....w.................
#.#.)########...##.####..
..... #...##....... .##.
#...## #####. #. ...# #(


You could see Amaryllis's ghost and a dart slug.

Vanquished Creatures
  7 adders
  3 worms (D:2)
  2 dart slugs (D:2)
  A giant gecko (D:1)
  An orc (D:3)
  3 bats
  8 giant cockroaches
  6 goblins
  5 hobgoblins
  5 kobolds
  3 quokkas
  2 giant newts (D:2)
  4 rats
50 creatures vanquished.

Notes
Turn   | Place    | Note
--------------------------------------------------------------
     0 | D:1      | LORDOFBUTT the Demonspawn Gladiator began the quest for the Orb.
     0 | D:1      | Reached XP level 1. HP: 16/16 MP: 1/1
   801 | D:1      | Gained mutation: You are partially covered in thin metallic scales (AC +2). [demonic ancestry]
   801 | D:1      | Reached XP level 2. HP: 17/22 MP: 2/2
  1173 | D:2      | Reached skill level 1 in Armour
  1285 | D:2      | Found a sacrificial altar of Ru.
  1288 | D:2      | Reached XP level 3. HP: 27/27 MP: 3/3
  1866 | D:2      | Found a shattered altar of Ashenzari.
  1912 | D:2      | Gained mutation: Your flesh is heat resistant. [demonic ancestry]
  1912 | D:2      | Reached XP level 4. HP: 33/33 MP: 4/4
  1947 | D:2      | Became a worshipper of Ashenzari the Shackled
  2052 | D:2      | You fall through a shaft!
  2609 | D:3      | Found a glowing drain.
  2628 | D:3      | Noticed Amaryllis's ghost (amateur HEFi)
  2640 | D:3      | Slain by Amaryllis's ghost

Skill      XL: |  1  2  3  4 |
---------------+-------------+-----
Dodging        | 3 |  3.6
Armour         | 1 2 |  2.2
Axes           | 3 |  3.2
Fighting       | |  2.5
Throwing       | |  1.8

Action                   |  1- 3 |  4- 6 || total
-------------------------+-------+-------++-------
Melee: War axe           |   113 |    58 ||   171
  Eat: Meat ration       |     1 |       ||     1
       Bread ration      |       |     1 ||     1
Armor: Leather armour    |    41 |       ||    41
       Scale mail        |       |    31 ||    31
Dodge: Dodged            |    93 |    46 ||   139
